Map: Odyssey LE

Players

EyesRSquared

  • Race: Protoss Protoss
  • League: Diamond
  • Spawn Location: 11:00

Yata

  • Race: Protoss Protoss
  • League: Silver
  • Spawn Location: 5:00

Soap

  • Race: Zerg Zerg
  • League: Master

Myhome

  • Race: Zerg Zerg
  • League: Diamond

VOD

Have the link to the VOD?

Description

Time

  • Played on: Aug. 26, 2017, 10:30 p.m.
  • Length: 10:32
Show
View Real Time Build Order
Export as new Build Order

EyesRSquared Protoss 

Build Orders: Zealot Archon 

Get SALT Encoding   

  12  0:03  Probe (Chrono Boost)  
  14  0:14  Probe (Chrono Boost)  
  14  0:22  Pylon  
  14  0:24  Probe (Chrono Boost)  
  15  0:41  Probe (Chrono Boost)  
  16  0:51  Probe (Chrono Boost)  
  17  1:00  Gateway  
  17  1:02  Probe (Chrono Boost)  
  18  1:06  Assimilator  
  18  1:11  Forge  
  18  1:16  Pylon  
  18  1:47  Probe (Chrono Boost)  
  18  1:50  Photon Cannon  
  18  1:52  Photon Cannon  
  19  1:55  Pylon  
  19  1:58  Probe (Chrono Boost)  
  20  2:09  Probe (Chrono Boost)  
  21  2:19  Probe (Chrono Boost)  
  21  2:21  Pylon  
  22  2:27  Zealot (Chrono Boost), Assimilator  
  24  2:30  Assimilator, Probe  
  24  2:33  Cybernetics Core  
  24  2:35  Pylon  
  25  2:42  Probe  
  26  2:47  Photon Cannon  
  26  2:54  Probe  
  27  3:02  Photon Cannon  
  27  3:05  Photon Cannon  
  26  3:15  Photon Cannon  
  26  3:22  Adept (Chrono Boost)  
  28  3:28  Pylon  
  28  3:49  Cybernetics Core  
  28  4:05  Stargate  
  28  4:06  Stargate  
  28  4:12  Probe  
  29  4:24  Probe  
  29  4:28  Nexus  
  30  4:40  Warp Gate  
  30  4:42  Probe  
  29  4:50  Phoenix x2  
  33  4:59  Pylon  
  33  5:04  Probe  
  34  5:13  Twilight Council  
  34  5:16  Probe  
  34  5:20  Phoenix  
  37  5:28  Probe  
  38  5:40  Probe  
  39  5:44  Gateway  
  39  5:51  Dark Shrine  
  39  5:52  Probe  
  40  6:02  Probe  
  41  6:04  Probe  
  41  6:07  Assimilator  
  41  6:09  Assimilator  
  42  6:12  Phoenix  
  42  6:13  Probe  
  42  6:16  Probe  
  46  6:23  Probe  
  47  6:26  Phoenix  
  47  6:28  Probe  
  50  6:38  Pylon  
  50  6:39  Pylon  
  49  6:51  Nexus  
  49  6:54  Phoenix  
  51  7:07  Dark Templar x2  
  53  7:11  Probe  
  53  7:12  Probe  
  55  7:20  Phoenix  
  57  7:23  Phoenix  
  57  7:24  Probe  
  60  7:41  Stalker  
  62  7:47  Archon  
  62  8:01  Probe  
  62  8:02  Phoenix  
  62  8:03  Probe  
  66  8:06  Dark Templar x2  
  66  8:11  Probe  
  70  8:15  Probe  
  70  8:18  Probe  
  72  8:20  Gateway  
  72  8:22  Gateway, Probe  
  72  8:25  Gateway  
  69  8:27  Probe  
  69  8:29  Probe  
  69  8:30  Pylon  
  69  8:33  Probe  
  69  8:34  Phoenix  
  72  8:36  Dark Templar  
  75  8:54  Dark Templar  
  75  9:14  Dark Templar  
  77  9:19  Archon  
  77  9:20  Probe x2  
  77  9:22  Stalker, Probe  
  77  9:23  Stalker  
  84  9:30  Pylon  
  84  9:31  Probe  
  84  9:32  Probe  
  84  9:34  Pylon  
  84  9:35  Pylon  
  85  9:42  Probe  
  85  9:46  Probe x2  
  87  9:52  Stalker  
  87  9:53  Pylon  
  87  9:54  Pylon x2, Probe  
  87  9:55  Sentry x2  
  87  9:57  Probe x2  
  87  9:58  Sentry  
  98  10:06  Probe  
  99  10:07  Probe  
  100  10:19  Probe  
Show
View Real Time Build Order
Export as new Build Order

Yata Protoss 

Build Orders:  

Get SALT Encoding   

  12  0:01  Drone  
  13  0:12  Overlord  
  13  0:17  Drone  
  14  0:31  Drone x2  
  14  0:34  Drone  
  17  0:55  Drone  
  17  0:56  Hatchery  
  17  0:58  Drone  
  18  1:08  Extractor  
  17  1:15  Spawning Pool  
  17  1:17  Drone  
  17  1:20  Drone  
  18  1:28  Drone  
  19  1:39  Overlord  
  19  2:05  Queen  
  19  2:08  Queen  
  23  2:22  Spine Crawler  
  22  2:28  Roach Warren  
  21  2:30  Extractor, Drone x4  
  21  2:35  Overlord  
  24  2:45  Queen  
  26  2:57  Drone x2  
  28  3:19  Roach  
  34  3:20  Roach x3  
  36  3:30  Spine Crawler  
  35  3:44  Roach  
  37  3:54  Queen  
  35  4:13  Roach  
  35  4:17  Overlord x2  
  37  4:29  Spore Crawler x2  
  35  4:52  Drone x3  
  38  5:19  Roach  
  38  5:20  Roach  
  42  5:26  Ravager x4  
  46  5:36  Hatchery  
  40  6:19  Overlord  
  40  6:20  Overlord x3  
  40  6:33  Spore Crawler  
  40  6:36  Spore Crawler  
  38  6:51  Hatchery  
  29  7:04  Roach x6  
  38  7:20  Drone x3  
  41  7:32  Ravager x6  
  41  7:33  Zergling x2, Ravager  
  43  7:54  Zergling x2  
  43  7:55  Zergling x8  
  35  8:26  Zergling x2  
  32  8:27  Zergling x12  
  33  8:37  Zergling x2  
  33  8:38  Zergling x4  
  34  8:48  Zergling x2  
  34  8:49  Zergling x2  
  34  8:52  Metabolic Boost  
  32  9:03  Zergling x4  
  32  9:14  Zergling x4  
  34  9:25  Queen  
  35  9:35  Zergling x2  
  35  9:36  Zergling x2  
  28  10:12  Zergling x10  
Show
View Real Time Build Order
Export as new Build Order

Soap Zerg 

Build Orders:  

Get SALT Encoding   

Show
View Real Time Build Order
Export as new Build Order

Myhome Zerg 

Build Orders:  

Get SALT Encoding   

Tags
 
Add a new tag
Caveats
  • Supply blocks, unpowered buildings, or Contaminate may cause inaccurate times.
  • Supply counts are checked every 10 seconds.